 Dungeon Crawl Stone Soup version 0.23-a0-488-g5fd82c5 (webtiles) character file.

6512 qvsushi the Grappler (level 10, -11/94 HPs)
             Began as a Troll Monk on Dec 1, 2018.
             Mangled by a yak (17 damage)
             ... on level 9 of the Dungeon.
             The game lasted 00:24:41 (6825 turns).

qvsushi the Grappler (Troll Monk)                   Turns: 6825, Time: 00:24:41

Health: -11/94     AC:  8    Str: 24    XL:     10   Next: 69%
Magic:  9/9        EV: 14    Int:  6    God:
Gold:   546        SH:  0    Dex: 15    Spells: 9/9 levels left

rFire    + . .     SeeInvis .     - Unarmed
rCold    x . .     Gourm    +   (no shield)
rNeg     . . .     Faith    .   a - +1 robe
rPois    .         Spirit   .   g - +2 hat
rElec    .         Reflect  .   (no cloak)
rCorr    .         Harm     .   (gloves unavailable)
MR       .....                  (boots unavailable)
Stlth    ++........             f - amulet of rage
HPRegen  0.65/turn              e - +3 ring of strength
MPRegen  0.11/turn              u - ring of fire

@: no status effects
A: large, unfitting armour, claws 3, fast metabolism 3, gourmand, regeneration
1, shaggy fur 1, tough skin 2
a: Evoke Berserk Rage


You were on level 9 of the Dungeon.
You were completely stuffed.

You visited 2 branches of the dungeon, and saw 10 of its levels.
You also visited: Ossuary.

You collected 546 gold pieces.

Inventory:

Missiles
 k - 5 throwing nets (quivered)
Armour
 a - a +1 robe (worn)
 g - a +2 hat (worn)
 y - the -2 hat of the Alchemist {rElec rPois rF+ rC+ rN+ MR+ rMut rCorr}
   (You found it on level 6 of the Dungeon)

   It protects you from fire.
   It protects you from cold.
   It insulates you from electricity.
   It protects you from poison.
   It protects you from negative energy.
   It affects your resistance to hostile enchantments.
   It provides partial protection from all sources of acid and corrosion.
   It protects you from mutation.
Jewellery
 e - a +3 ring of strength (left claw)
 f - an amulet of rage (around neck)
 u - a ring of fire (right claw)
 w - an uncursed ring of flight
Wands
 m - a wand of polymorph (8)
 q - a wand of acid (9)
 x - a wand of paralysis (6)
 z - a wand of digging (5)
Scrolls
 d - 4 scrolls of remove curse
 i - a scroll of teleportation
 l - 2 scrolls of amnesia
 v - a scroll of silence {unknown}
 B - a scroll of enchant armour
 D - a scroll of identify
Potions
 c - a potion of degeneration {unknown}
 h - a potion of cancellation {unknown}
 j - 4 potions of curing
 o - 2 potions of flight {unknown}
 p - 2 potions of berserk rage {unknown}
 r - a potion of resistance {unknown}
 s - a potion of haste {unknown}
 t - a potion of lignification {unknown}
 A - 2 potions of mutation {unknown}
 C - a potion of agility {unknown}
Comestibles
 b - 18 rations
 n - 5 chunks of flesh


   Skills:
 + Level 4.5 Fighting
 + Level 7.3 Dodging
 - Level 1.4 Stealth
 + Level 13.0 Unarmed Combat
 + Level 1.1 Evocations


You had 9 spell levels left.
You didn't know any spells.
Your spell library contained the following spells:

 Spells                   Type           Power        Failure   Level  Hunger
 Animate Skeleton         Necr           N/A          45%         1    ##.....
 Corona                   Hex            #......      45%         1    ##.....
 Freeze                   Ice            #...         45%         1    ##.....
 Pain                     Necr           #...         45%         1    ##.....
 Ensorcelled Hibernation  Hex/Ice        #.....       58%         2    ###....
 Throw Frost              Conj/Ice       #.....       58%         2    ###....
 Confuse                  Hex            #.......     83%         3    ####...
 Dazzling Spray           Conj/Hex       #.....       83%         3    ####...
 Ozocubu's Armour         Chrm/Ice       #.......     83%         3    ####...
 Regeneration             Chrm/Necr      #.........   83%         3    ####...
 Tukima's Dance           Hex            #.......     83%         3    ####...
 Vampiric Draining        Necr           #.........   83%         3    ####...
 Animate Dead             Necr           N/A          99%         4    #####..
 Summon Ice Beast         Ice/Summ       #.......     99%         4    #####..
 Throw Icicle             Conj/Ice       #.......     99%         4    #####..


Dungeon Overview and Level Annotations

Branches:
Dungeon (9/15)             Temple (1/1) D:7            Lair (0/6) D:8
    Orc: D:9-12

Altars:
Ashenzari
Cheibriados
Dithmenos
Elyvilon
Fedhas
Gozag
Hepliaklqana
Kikubaaqudgha
Makhleb
Nemelex Xobeh
Okawaru
Qazlal
Ru
Trog
Vehumet
Wu Jian
Xom
Yredelemnul
Zin
The Shining One

Shops:
D:9 (


Innate Abilities, Weirdness & Mutations

You are too large for most types of armour.
You have claws for hands.
Your metabolism is lightning-fast.
You like to eat raw meat.
Your natural rate of healing is unusually fast.
You are covered in fur. (AC +1)
You have very tough skin. (AC +2)


Message History

The yak gores you!
* * * LOW HITPOINT WARNING * * *
The yak gores you but does no damage. The yak closely misses you. x2
You see here a yak corpse.
You scratch the yak. Your claw misses the yak.
The yak is almost dead.
The yak gores you.
* * * LOW HITPOINT WARNING * * *
You barely miss the yak.
The yak is almost dead.
The yak gores you.
* * * LOW HITPOINT WARNING * * *
The yak gores you.
* * * LOW HITPOINT WARNING * * *
You mangle the yak!!
You kill the yak!
Your Unarmed Combat skill increases to level 13!
The yak gores you!
You die...

#...###...##..#
#####.
..............#
#.
..............+
#.
.......(......#
#.
######...###..#
##. ##...###..#
#.. #.....#...#
#.. #.....#...#
#.. #..(@.# ..#
#.. . ###Y†##
#### #.. ...
#).# ..... #..
.....#.%+......
+..
.....'.∩.∩.....
#..
.....#....Y.Y..
.....#.∩.∩.Y.Y.
.... .>..####..
.........#


8 You could see a yak.

Vanquished Creatures
  Harold (D:7)
  A two-headed ogre (D:9)
  Psyche (D:8)
  Grinder (D:6)
  A hippogriff (D:9)
  A vampire (D:9)
  5 yaks (D:9)
  A water moccasin (D:7)
  An orc warrior (D:5)
  An ice beast (shapeshifter) (D:7)
  2 sky beasts
  A phantom (D:4)
  4 centaurs
  5 ogres
  A big kobold (D:9)
  3 bullfrogs
  A wyvern skeleton (D:7)
  4 killer bees (D:7)
  A scorpion (D:4)
  6 howler monkeys
  5 crimson imps
  4 orc priests
  10 hounds
  5 jellies
  3 orc wizards
  2 bullfrog skeletons
  2 iguanas
  Terence (D:3)
  5 worker ants
  A big kobold zombie (Ossuary)
  8 mummies (Ossuary)
  A hound zombie (D:5)
  2 howler monkey zombies
  A worker ant zombie (D:5)
  8 gnolls
  11 adders
  5 oozes (D:8)
  6 worms
  A dart slug (D:2)
  4 leopard geckos
  28 orcs
  An orc (shapeshifter) (D:7)
  2 ball pythons (D:7)
  5 giant cockroaches
  3 gnoll zombies (Ossuary)
  5 goblins
  5 hobgoblins
  10 jackals
  11 kobolds
  5 quokkas
  5 bats
  5 frilled lizards
  3 hobgoblin zombies (Ossuary)
  2 jackal skeletons
  A kobold zombie (Ossuary)
  A leopard gecko skeleton (D:4)
  A quokka skeleton (D:9)
  4 rats
224 creatures vanquished.

Notes
Turn   | Place    | Note
-------+----------+-------------------------------------------
     0 | D:1      | qvsushi the Troll Monk began the quest for the Orb.
     0 | D:1      | Reached XP level 1. HP: 22/22 MP: 0/0
    86 | D:1      | Found a shattered altar of Ashenzari.
   187 | D:1      | Reached XP level 2. HP: 29/29 MP: 1/1
   603 | D:2      | Reached XP level 3. HP: 35/36 MP: 2/2
   669 | D:2      | Found a radiant altar of Vehumet.
   690 | D:2      | Reached XP level 4. HP: 30/44 MP: 3/3
   997 | D:2      | Reached skill level 4 in Unarmed Combat
  1067 | D:2      | Found a burning altar of Makhleb.
  1157 | D:2      | Reached XP level 5. HP: 52/52 MP: 4/4
  1469 | D:3      | Noticed Terence
  1497 | D:3      | Killed Terence
  1560 | D:3      | Reached skill level 5 in Unarmed Combat
  1724 | D:3      | Found a glowing silver altar of Zin.
  1911 | D:4      | Noticed a phantom
  1927 | D:4      | Killed a phantom
  1927 | D:4      | Reached XP level 6. HP: 47/61 MP: 5/5
  1932 | D:4      | Found an opulent altar of Gozag.
  2018 | D:4      | Found a stormy altar of Qazlal.
  2140 | D:4      | Reached skill level 6 in Unarmed Combat
  2315 | D:4      | Reached XP level 7. HP: 67/67 MP: 6/6
  2659 | D:5      | Entered Level 5 of the Dungeon
  2744 | D:5      | Reached skill level 7 in Unarmed Combat
  2797 | D:5      | HP: 2/67 [orc warrior/+0 hand axe (13)]
  2858 | D:5      | Reached XP level 8. HP: 55/75 MP: 7/7
  2895 | D:5      | Reached skill level 8 in Unarmed Combat
  3072 | D:5      | Found a sand-covered staircase.
  3077 | Ossuary  | Entered an ossuary
  3257 | Ossuary  | Reached skill level 5 in Dodging
  3734 | D:6      | Noticed Grinder
  3742 | D:6      | Killed Grinder
  3742 | D:6      | Reached skill level 9 in Unarmed Combat
  3791 | D:6      | Found a bloodstained altar of Trog.
  4141 | D:6      | Found a basalt altar of Yredelemnul.
  4292 | D:6      | Reached XP level 9. HP: 84/84 MP: 8/8
  4294 | D:6      | Found the -2 hat of the Alchemist {rElec rPois rF+ rC+ rN+
                  | MR+ rMut rCorr}
  4370 | D:6      | Reached skill level 10 in Unarmed Combat
  4483 | D:6      | Found a sparkling altar of Nemelex Xobeh.
  4693 | D:7      | Found a shimmering altar of Xom.
  4693 | D:7      | Found a shimmering altar of Xom.
  4695 | D:7      | Found a shimmering altar of Xom.
  4695 | D:7      | Found a shimmering altar of Xom.
  4695 | D:7      | Found a shimmering altar of Xom.
  4738 | D:7      | Found a sacrificial altar of Ru.
  4833 | D:7      | Found a shattered altar of Ashenzari.
  5124 | D:7      | Noticed Harold
  5150 | D:7      | Killed Harold
  5150 | D:7      | Reached skill level 11 in Unarmed Combat
  5413 | D:7      | Found a staircase to the Ecumenical Temple.
  5425 | Temple   | Entered the Ecumenical Temple
  5854 | D:8      | Reached skill level 1 in Evocations
  6007 | D:8      | Reached XP level 10. HP: 91/92 MP: 9/9
  6025 | D:8      | Found a staircase to the Lair.
  6045 | D:8      | Noticed Psyche
  6057 | D:8      | Killed Psyche
  6313 | D:8      | Reached skill level 12 in Unarmed Combat
  6359 | D:8      | Found an iron altar of Okawaru.
  6653 | D:9      | Noticed a two-headed ogre
  6659 | D:9      | Killed a two-headed ogre
  6726 | D:9      | Found Foteid's Antique Weapon Boutique.
  6825 | D:9      | Reached skill level 13 in Unarmed Combat
  6825 | D:9      | Mangled by a yak

Vault maps used:
D:1:      dpeg_arrival_stone_temple_mockup, ashenzari_altar_1
D:2:      makhleb_grotto_becter, nicolae_overflow_crystal_walls, first_ration
D:3:      overflow_temple_1_default, minmay_misc_feat_tower,
          minmay_fractal_squares_diagonal_5, uniq_terence
D:4:      lemuel_doored_altar, grunt_qazlal_clouds
D:5:      nicolae_ossuary_entry_plus, minivault_14
D:6:      lemuel_coloured_pillars_altar, overflow_temple_1_default, bloody_trog,
          uniq_grinder
D:7:      lemuel_round_altar, kennysheep_mini, xom_shifter_show, temple_hall,
          uniq_harold
D:8:      kennysheep_mini_moat, lair_entry_dummy,
          hangedman_little_slice_of_home, uniq_psyche
D:9:      eat_drink_and_be_merry_uskayaw, overflow_temple_1_default,
          serial_shops, nicolae_shop_competitors_out_of_business
Temple:   compressed_dpeg_triangle_lava_temple
Ossuary:  ossuary_tomb_3

Skill      XL: |  1  2  3  4  5  6  7  8  9 10 |
---------------+-------------------------------+-----
Dodging        | 3 4 5 6 7 |  7.3
Unarmed Combat | 4 5 6 7 9 11 13 | 13.0
Fighting       | 3 4 |  4.5
Evocations     | 1 |  1.1
Stealth        | |  1.4

Action                   |  1- 3 |  4- 6 |  7- 9 | 10-12 || total
-------------------------+-------+-------+-------+-------++-------
Melee: Unarmed           |    88 |   158 |   288 |   102 ||   636
       Punch             |       |     3 |    13 |    11 ||    27
 Abil: Evoke Berserk Rag |       |     1 |       |       ||     1
Evoke: Wand              |       |       |     4 |       ||     4
  Use: Scroll            |       |    10 |     3 |       ||    13
       Potion            |       |       |     4 |     1 ||     5
 Stab: Distracted        |     1 |       |       |       ||     1
       Sleeping          |       |     1 |     3 |     1 ||     5
  Eat: Chunk             |    12 |    15 |    35 |     7 ||    69
Armor: Robe              |    42 |    36 |    83 |    17 ||   178
Dodge: Dodged            |    53 |    83 |   175 |    66 ||   377

Table legend:
 A = Non-vault XP
 B = Vault XP
 C = Vault XP percentage of total XP
 D = Non-vault monster count
 E = Vault monster count
 F = Vault count percentage of total count
                 A         B        C        D         E       F
            +---------+---------+-------+---------+---------+-------
      Total |    7011 |    2292 |  24.6 |     189 |      35 |  15.6
            +---------+---------+-------+---------+---------+-------
        D:1 |      24 |       0 |   0.0 |      14 |       0 |   0.0
        D:2 |     141 |      50 |  26.2 |      31 |       1 |   3.1
        D:3 |      87 |      58 |  40.0 |      14 |       5 |  26.3
        D:4 |     519 |       0 |   0.0 |      24 |       0 |   0.0
        D:5 |    1086 |       0 |   0.0 |      32 |       0 |   0.0
        D:6 |     496 |     300 |  37.7 |      10 |       1 |   9.1
        D:7 |    1176 |    1122 |  48.8 |      21 |       3 |  12.5
        D:8 |     872 |     580 |  39.9 |      25 |       9 |  26.5
        D:9 |    2610 |       0 |   0.0 |      18 |       0 |   0.0
    Ossuary |       0 |     182 | 100.0 |       0 |      16 | 100.0
            +---------+---------+-------+---------+---------+-------
